 Dungeon Crawl Stone Soup version 0.30.1-11-g7821555f0a (webtiles) character file.

Game seed: 2727546465855814979

1637082 Hi5aMiFi the Conqueror (level 27, 273/273 HPs)
             Began as a Minotaur Fighter on Dec 21, 2023.
             Was the Champion of the Shining One.
             Escaped with the Orb
             ... and 3 runes on Dec 23, 2023!
             The game lasted 09:24:48 (76062 turns).

Hi5aMiFi the Conqueror (Minotaur Fighter)          Turns: 76062, Time: 09:24:49

Health: 273/273    AC: 48    Str: 24    XL:     27
Magic:  37/37      EV: 10    Int: 11    God:    the Shining One [******]
Gold:   1738       SH: 30    Dex: 21    Spells: 26/26 levels left

rFire   + . .        Y - +8 broad axe of Wu Jian, Breathing {elec, rCorr Str-4 Int+2 SInv}
rCold   + . .        V - +3 tower shield "Mess" {rN+ Int-3 Slay+3}
rNeg    + + +        J - +9 crystal plate armour
rPois   +            W - +2 hat
rElec   +            H - scarf {rC+ rF+}
rCorr   +            b - +0 pair of gloves of Amorality {Harm Regen+ Dex-2 Stlth+}
SInv    +            h - +2 pair of boots
Will    ++++.        o - amulet "Cirral" {Spirit Will+ Str+3 Dex-2 Slay+3} Stlth
                     p - +4 ring of slaying
HPRegen 1.45/turn    E - ring "Wiumuf" {+Blink rElec rPois Int+4 Dex+6}
MPRegen 0.25/turn

%: harm (+30% outgoing, +20% incoming), guardian spirit
@: hasted, glowing, very quick
A: horns 2, retaliatory headbutt, see invisible, agile 1, strong-willed 1,
screaming 1
0: Orb of Zot
}: 3/15 runes: decaying, serpentine, slimy
a: Renounce Religion, Evoke Blink, Divine Shield, Cleansing Flame, Summon Divine
Warrior


You escaped.
You worshipped the Shining One.
The Shining One was exalted by your worship.
You visited 12 branches of the dungeon, and saw 55 of its levels.
You also visited: Ossuary, Volcano and Desolation.

You collected 10339 gold pieces.
You spent 8601 gold pieces at shops.

Inventory:

Hand Weapons
 u - a +9 broad axe of holy wrath
 Y - the +8 broad axe of Wu Jian, Breathing (weapon) {elec, rCorr Str-4 Int+2 SInv}
   (You bought it in a shop on level 4 of the Dungeon)

   Str:       It affects your strength (-4).
   Int:       It affects your intelligence (+2).
   SInv:      It lets you see invisible.
   rCorr:     It protects you from acid and corrosion.
Missiles
 a - 4 silver javelins
 d - 18 boomerangs (quivered)
 q - 5 throwing nets
 w - 10 javelins
 B - 5 silver boomerangs
 R - 2 boomerangs of dispersal
Armour
 b - the +0 pair of gloves of Amorality (worn) {Harm Regen+ Dex-2 Stlth+}
   (You found it on level 1 of the Depths)

   Dex:       It affects your dexterity (-2).
   Regen:     It increases your rate of health regeneration.
   Harm:      It increases damage dealt and taken.
   Stlth:     It makes you more stealthy.
 h - a +2 pair of boots (worn)
 H - a scarf of resistance (worn)
 J - a +9 crystal plate armour (worn)
 L - a +0 pair of gloves
 V - the +3 tower shield "Mess" (worn) {rN+ Int-3 Slay+3}
   (You found it on level 4 of the Snake Pit)

   Int:       It affects your intelligence (-3).
   Slay:      It affects your accuracy & damage with ranged weapons and melee
   (+3).
   rN:        It protects you from negative energy.
 W - a +2 hat (worn)
Jewellery
 f - the ring "Not Umuu" {Will+ MP+9 Str+7}
   (You acquired it on level 11 of the Dungeon)

   [ring of magical power]

   Str:       It affects your strength (+7).
   MP:        It affects your magic capacity (+9).
   Will:      It increases your willpower.
 o - the amulet "Cirral" (around neck) {Spirit Will+ Str+3 Dex-2 Slay+3}
   (You found it on level 2 of the Crypt)

   [amulet of guardian spirit]

   It causes incoming damage to be divided between your reserves of health and
   magic.
   Str:       It affects your strength (+3).
   Dex:       It affects your dexterity (-2).
   Slay:      It affects your accuracy & damage with ranged weapons and melee
   (+3).
   Will:      It increases your willpower.
 p - a +4 ring of slaying (left hand)
 v - a ring of protection from cold
 E - the ring "Wiumuf" (right hand) {+Blink rElec rPois Int+4 Dex+6}
   (You found it on level 3 of the Crypt)

   [ring of dexterity]

   Int:       It affects your intelligence (+4).
   Dex:       It affects your dexterity (+6).
   rElec:     It insulates you from electricity.
   rPois:     It protects you from poison.
   +Blink:    It lets you blink.
 O - an amulet of reflection
 S - the ring of the Sun {rElec rF+ Int+3}
   (You took it off a ragged hierophant in the Desolation of Salt)

   [ring of protection from fire]

   Int:       It affects your intelligence (+3).
   rF:        It protects you from fire.
   rElec:     It insulates you from electricity.
 T - the ring "Esoodghyle" {Fly Will++ EV+5 Int-2}
   (You found it on level 3 of the Crypt)

   [ring of evasion]

   EV:        It affects your evasion (+5).
   Int:       It affects your intelligence (-2).
   Fly:       It grants you flight.
   Will:      It greatly increases your willpower.
 X - a ring of protection from fire
Wands
 C - a wand of digging (13)
 G - a wand of light (8)
 Q - a wand of iceblast (83)
 U - a wand of paralysis (50)
Scrolls
 e - 6 scrolls of immolation
 i - 12 scrolls of vulnerability
 j - 6 scrolls of butterflies
 k - a scroll of magic mapping
 l - 2 scrolls of silence
 r - 9 scrolls of poison
 x - 6 scrolls of fog
 y - 6 scrolls of fear
 A - 22 scrolls of teleportation
 M - 5 scrolls of blinking
Potions
 c - 4 potions of cancellation
 g - 8 potions of might
 n - 7 potions of magic
 s - 17 potions of curing
 t - 10 potions of lignification
 z - 20 potions of mutation
 D - 11 potions of ambrosia
 F - 3 potions of resistance
 I - 6 potions of attraction
 K - 13 potions of heal wounds
 Z - 7 potions of haste
Miscellaneous
 m - a phantom mirror
 N - a condenser vane
 P - a box of beasts


   Skills:
 O Level 27 Fighting
 + Level 19.7(19.9) Axes
 - Level 5.0(13.8) Polearms
 - Level 20.0 Throwing
 O Level 27 Armour
 - Level 5.0 Dodging
 O Level 27 Shields
 - Level 22.0 Invocations
 - Level 15.0 Evocations


You had 26 spell levels left.
You didn't know any spells.
Your spell library contained the following spells:

 Spells                   Type           Power      Damage    Failure   Level
 Foxfire                  Conj/Fire      0%         2x1d4     95%         1
 Magic Dart               Conj           0%         1d3       95%         1
 Sandblast                Erth           0%         2d4       95%         1
 Shock                    Conj/Air       0%         1d3       95%         1
 Slow                     Hex            0%         N/A       95%         1
 Summon Small Mammal      Summ           0%         N/A       95%         1
 Blink                    Tloc           0%         N/A       99%         2
 Call Imp                 Summ           0%         N/A       99%         2
 Cigotuvi's Dreadful Rot  Necr/Pois/Air  0%         N/A       99%         2
 Lesser Beckoning         Tloc           0%         N/A       99%         2
 Momentum Strike          Conj/Tloc      0%         3d8       99%         2
 Passwall                 Tmut/Erth      0%         N/A       99%         2
 Static Discharge         Conj/Air       0%         2-2/arc   99%         2
 Sublimation of Blood     Necr           0%         N/A       99%         2
 Wereblood                Tmut           0%         N/A       99%         2
 Call Canine Familiar     Summ           0%         N/A       100%        3
 Confusing Touch          Hex            0%         N/A       100%        3
 Dazzling Flash           Conj/Hex       0%         N/A       100%        3
 Frozen Ramparts          Ice            0%         1d1       100%        3
 Gell's Gravitas          Tloc           0%         N/A       100%        3
 Hailstorm                Conj/Ice       0%         3d3       100%        3
 Ignite Poison            Fire/Tmut/Pois 0%         N/A       100%        3
 Inner Flame              Hex/Fire       0%         N/A       100%        3
 Mephitic Cloud           Conj/Pois/Air  0%         N/A       100%        3
 Portal Projectile        Hex/Tloc       0%         N/A       100%        3
 Spider Form              Tmut/Pois      0%         N/A       100%        3
 Stone Arrow              Conj/Erth      0%         3d7       100%        3
 Summon Guardian Golem    Hex/Summ       0%         N/A       100%        3
 Swiftness                Air            0%         N/A       100%        3
 Teleport Other           Tloc           0%         N/A       100%        3
 Tukima's Dance           Hex            0%         N/A       100%        3
 Vampiric Draining        Necr           0%         2d6       100%        3
 Vhi's Electric Charge    Tloc/Air       0%         N/A       100%        3
 Volatile Blastmotes      Fire/Tloc      0%         2d10      100%        3
 Airstrike                Air            0%         2d(0-16)  100%        4
 Animate Armour           Summ/Erth      0%         N/A       100%        4
 Cause Fear               Hex            0%         N/A       100%        4
 Flame Wave               Conj/Fire      0%         2d4       100%        4
 Ice Form                 Ice/Tmut       0%         N/A       100%        4
 Iskenderun's Mystic Bla  Conj/Tloc      0%         2d3       100%        4
 Leda's Liquefaction      Hex/Erth       0%         N/A       100%        4
 Passage of Golubria      Tloc           0%         N/A       100%        4
 Sticky Flame             Conj/Fire      0%         2d3       100%        4
 Summon Ice Beast         Ice/Summ       0%         N/A       100%        4
 Agony                    Necr           0%         N/A       100%        5
 Alistair's Intoxication  Tmut/Pois      0%         N/A       100%        5
 Arcjolt                  Conj/Air       0%         1d10      100%        5
 Blade Hands              Tmut           0%         N/A       100%        5
 Borgnjor's Vile Clutch   Necr/Erth      0%         N/A       100%        5
 Freezing Cloud           Conj/Ice/Air   0%         6-21      100%        5
 Irradiate                Conj/Tmut      0%         3d11      100%        5
 Lee's Rapid Deconstruct  Erth           0%         3d4*      100%        5
 Silence                  Hex/Air        0%         N/A       100%        5
 Summon Forest            Summ/Tloc      0%         N/A       100%        5
 Summon Mana Viper        Hex/Summ       0%         N/A       100%        5
 Yara's Violent Unravell  Hex/Tmut       0%         3d3       100%        5
 Dispersal                Tloc           0%         N/A       100%        6
 Eringya's Noxious Bog    Tmut/Pois      0%         N/A       100%        6
 Iron Shot                Conj/Erth      0%         9d1       100%        6
 Plasma Beam              Fire/Air       0%         2x1d11    100%        6
 Simulacrum               Ice/Necr       0%         N/A       100%        6
 Starburst                Conj/Fire      0%         6d3       100%        6
 Statue Form              Tmut/Erth      0%         N/A       100%        6
 Dragon Form              Tmut           0%         N/A       100%        7
 Haunt                    Necr/Summ      0%         N/A       100%        7
 Malign Gateway           Summ/Tloc      0%         N/A       100%        7
 Monstrous Menagerie      Summ           0%         N/A       100%        7
 Summon Hydra             Summ           0%         N/A       100%        7
 Disjunction              Tloc           0%         N/A       100%        8
 Lehudib's Crystal Spear  Conj/Erth      0%         10d2      100%        8
 Dragon's Call            Summ           0%         N/A       100%        9


Dungeon Overview and Level Annotations

Branches:
Dungeon (15/15)            Temple (1/1) D:4            Lair (5/5) D:9
  Swamp (4/4) Lair:3        Snake (4/4) Lair:2        Slime (5/5) Lair:4
    Orc (2/2) D:9             Elf (3/3) Orc:2        Vaults (4/5) D:14
  Crypt (3/3) Vaults:3       Tomb (0/3) Crypt:3      Depths (4/4) D:15
    Zot (5/5) Depths:4    Ossuary (visited)         Volcano (visited)
Desolation (visited)

Altars:
Ashenzari
Cheibriados
Dithmenos
Elyvilon
Fedhas
Gozag
Hepliaklqana
Kikubaaqudgha
Makhleb
Nemelex Xobeh
Okawaru
Qazlal
Ru
Sif Muna
Trog
Uskayaw
Vehumet
Wu Jian
Xom
Yredelemnul
Zin
The Shining One
Jiyva
Lugonu

Shops:
D:4 ((:![   Orc:2 =[*?   Elf:1 (   Elf:3 **   Snake:1 :   Snake:4 ?[:
Vaults:1 (   Vaults:4 (?*(   Depths:2 ?   Depths:3 !

Portals:
Hell: Depths:1 Depths:2 Depths:3 Depths:4
Abyss: Lair:5 Depths:1 Depths:2 Depths:3 Depths:4
Pandemonium: Orc:2 Depths:2 Depths:3 Depths:4
Ziggurat: Depths:4

Annotations:
Depths:2 4 runed translucent doors, Sulo Conyim's ghost, veteran GnDe
Depths:3 2 transporters, Susch's ghost, legendary MfGl
Zot:3 2 transporters, Fucvoucaso's ghost, legendary DDFi


Innate Abilities, Weirdness & Mutations

You have a pair of horns on your head.
You reflexively headbutt those who attack you in melee.
You have supernaturally acute eyesight. (SInv)
You are agile. (Dex +4, Str/Int -1)
You are strong-willed. (Will+)
You occasionally shout uncontrollably at your foes.


Message History

A rock wall.
This square is lit by a halo and is covered in magical glow.
The rock shatters into small pieces.
There is a stone staircase leading up here.
Unknown command.
Unknown command.
You climb upwards.
There is a stone staircase leading down here.
There is an open door here.
There is an open door here.
You hit the adder simulacrum.
Your headbutt misses the adder simulacrum.
The adder simulacrum is heavily damaged.
You block the adder simulacrum's attack.
You hit the adder simulacrum.
Lightning courses through the adder simulacrum!
The adder simulacrum vaporises!
The Shining One accepts your kill.
Your extra speed is starting to run out.
There is a stone staircase leading up here.
You feel yourself slow down.
You climb upwards.
There is a stone staircase leading down here.
You feel yourself speed up.
Okay, then.
There is a stone staircase leading up here.
You climb upwards.
There is a stone staircase leading down here.
Unknown command.
Aiming: Dig
Press: ? - help, Shift-Dir - straight line A rock wall.
This square is lit by a halo and is covered in magical glow.
The rock shatters into small pieces.
Blink to where?
Press: ? - help, Dir - move target
As you read the scroll of blinking, it crumbles to dust.
There is a staircase leading out of the dungeon here.
You can't go down here!
You have escaped!

...................#####.# #.#
.#.....................#.# ##.#
.#.#######.....###.###.#.####..##
.#.# #....#..#................#
...# #.#....##.#.#...######.#.#
#### #.....#######...# #.#.#
#..##.#.........# #.#.# ##
#..##.#.####.##.# #.#.# .#
##.##.#.#@.#.##.######.#.# .#
#.##.#.#....##......#.#.# .#
#.##.#.##.#.##.###....#.# .#
#.##.#....#.##.....#...#. .#
#.##[##.###.##..##....#.# .#
#...............###.#.### .#
#...#.######....###.#.# .#
###..##...........#.#.# .##
#ยง..................#


There were no monsters in sight!

Vanquished Creatures
  the Royal Jelly (Slime:5)
  4 dread liches
  5 ancient liches (Zot:5)
  3 orbs of fire
  The ghost of Cyqimiab the Merfolkian Porcupine, a legendary MfGl of Ru (Zot:4)
  7 juggernauts
  The ghost of Ziques the Formicid Barricade, a legendary FoFi of Makhleb (Zot:2)
  A royal mummy (Crypt:3)
  the Lernaean hydra (Swamp:4)
  5 curse toes
  6 Killer Klowns
  3 caustic shrikes
  Vashnia (Snake:4)
  11 golden dragons
  A profane servitor (Crypt:3)
  A hellephant (D:11)
  3 electric golems
  23 tentacled monstrosities
  8 liches
  26 Orb Guardians
  2 walking crystal tomes (Depths:3)
  2 deep elf master archers (Elf:3)
  4 walking divine tomes
  A walking earthen tome (Depths:3)
  A deep elf blademaster (Elf:2)
  15 acid blobs
  6 quicksilver dragons
  7 death cobs
  3 titans
  10 ancient champions
  15 sphinxes
  A thorn hunter (Swamp:3)
  6 tengu reavers
  Kirke (Swamp:3)
  9 shadow dragons
  17 storm dragons
  3 revenants
  8 nagarajas
  The ghost of Uwkoecio the Severer, a journeyman HOFi of Okawaru (D:15)
  9 fire giants
  7 azure jellies
  5 draconian monks
  15 frost giants
  7 rockslimes
  5 draconian knights
  2 ghost moths (Zot:2)
  14 vault wardens
  4 deep elf sorcerers
  2 balrugs
  16 draconian shifters
  2 caustic shrike zombies (Crypt:3)
  2 iron dragons
  6 spectral caustic shrikes (Depths:3)
  4 orc warlords
  An imperial myrmidon (Desolation)
  6 deep elf elementalists (Elf:3)
  8 draconian stormcallers
  6 draconian scorchers
  3 spriggan defenders (Depths:3)
  32 very ugly things
  5 curse skulls
  6 ghouls (Crypt:3)
  13 ironbound preservers
  5 ironbound thunderhulks
  7 quicksilver oozes
  3 war gargoyles
  5 draconian annihilators
  16 stone giants
  A caustic shrike skeleton (Depths:3)
  2 grey draconians (Depths:4)
  10 black draconians
  7 vampire knights
  A dire elephant (Vaults:1)
  5 eleionomae
  13 green draconians
  5 deep elf demonologists (Elf:3)
  25 red draconians
  4 deep elf annihilators (Elf:3)
  11 white draconians
  9 purple draconians
  4 bunyips (Swamp:1)
  A halazid warlock (Desolation)
  10 yellow draconians
  10 spark wasps
  The ghost of Panli the Skirmisher, a journeyman CeHs of Okawaru (Lair:5)
  2 blizzard demons
  2 mummy priests (Crypt:3)
  An eidolon (Crypt:1)
  6 deep elf death magi
  15 ettins
  2 crystal guardians (Desolation)
  4 deep elf high priests
  17 fire dragons
  7 ragged hierophants
  12 jiangshi
  The ghost of RumbleBuddy the Cleaver, a journeyman MiFi of the Shining One (Orc:2)
  The ghost of Dillybarz the Cleaver, a journeyman MiFi of Okawaru (D:11)
  3 shambling mangroves
  9 yaktaur captains
  4 servants of whispers (Desolation)
  3 entropy weavers
  10 great orbs of eyes
  12 ice dragons
  A spriggan zombie (Depths:1)
  2 salamander tyrants (Snake:4)
  19 hydras
  6 rakshasas
  3 demonspawn (Orc:2)
  A hell beast (Depths:2)
  6 peacekeepers
  2 quicksilver dragon skeletons
  4 vault guards (Vaults:3)
  An anaconda (shapeshifter) (Depths:3)
  11 anacondas
  A fenstrider witch skeleton (Crypt:1)
  4 spriggan air magi
  3 spriggan skeletons
  8 centaur warriors
  3 alligators
  2 death knights (Crypt:1)
  4 ironbound frosthearts
  3 boulder beetles
  22 dancing weapons
  5 death yaks
  4 two-headed ogres
  12 deep troll earth magi
  2 tengu warriors (Depths:1)
  10 orc high priests
  15 naga sharpshooters
  3 spriggan berserkers
  13 deep troll shamans
  10 vampire magi
  12 naga warriors
  6 soul eaters
  9 shock serpents
  2 thrashing horrors (Lair:5)
  A storm dragon zombie (Crypt:1)
  Urug (Lair:2)
  A titan zombie (Depths:3)
  16 iron trolls
  A salamander mystic (Snake:1)
  10 hell knights
  11 deep elf knights
  A sun demon (Orc:2)
  Amaemon (Lair:2)
  6 goliath frogs
  A sea snake (Snake:3)
  2 shadow wraiths (Crypt:3)
  A skyshark (Lair:3)
  A sixfirhy (Orc:2)
  A death drake (Depths:1)
  33 skeletal warriors
  5 spriggan druids
  18 deep elf archers
  A storm dragon skeleton (Depths:2)
  2 golden dragon skeletons
  8 flayed ghosts
  7 glowing orange brains
  14 bog bodies
  41 deep trolls
  8 ironbound convokers
  A harpy (shapeshifter) (Lair:5)
  The ghost of Ekaitz the Zephyrmancer, a novice TeAE of Vehumet (D:7)
  A sphinx zombie (D:15)
  Pikel (D:6)
  A shadow dragon zombie (Crypt:3)
  A goliath frog zombie (Crypt:1)
  8 lindwurms
  9 swamp dragons
  11 mana vipers
  4 naga ritualists
  7 phantasmal warriors
  15 necromancers
  A fenstrider witch simulacrum (Crypt:3)
  8 orc sorcerers (Orc:2)
  A bunyip skeleton (Crypt:3)
  19 deep elf zephyrmancers
  9 wizards
  34 deep elf pyromancers
  16 orc knights
  44 ugly things
  2 will-o-the-wisps
  A frost giant zombie (D:15)
  2 stone giant zombies
  2 shining eyes (Slime:5)
  7 salamanders
  A fire giant skeleton (Depths:2)
  12 guardian serpents
  5 cyclopes
  A salamander (shapeshifter) (Elf:3)
  3 manticores
  Maurice (D:13)
  21 elephants
  23 moths of wrath
  A rust devil (Depths:2)
  A torpor snail (Lair:3)
  17 naga magi
  A water nymph (shapeshifter) (Depths:4)
  34 black mambas
  An eye of devastation (Slime:5)
  3 gargoyles
  A naga zombie (Crypt:3)
  3 smoke demons
  An alligator snapping turtle zombie (Crypt:3)
  An ice statue (D:7)
  18 cane toads
  An orange demon (Lair:2)
  A green draconian zombie (Crypt:1)
  A grey draconian zombie (Crypt:3)
  A hellion (Depths:2)
  2 rime drakes
  5 unseen horrors
  16 vault sentinels
  A tormentor (Zot:5)
  30 yaktaurs
  7 tengu conjurers
  5 freezing wraiths
  9 komodo dragons
  Psyche (D:10)
  A rime drake (shapeshifter) (Depths:2)
  An anaconda simulacrum (Crypt:3)
  2 efreet
  A steelbarb worm zombie (Crypt:3)
  2 alligator snapping turtle skeletons (Crypt:3)
  A guardian mummy (D:15)
  An ice devil (Depths:3)
  2 ancient zymes (Lair:5)
  2 red draconian skeletons (Crypt:2)
  A queen bee (D:15)
  A death yak skeleton (Crypt:3)
  3 polar bears
  A red devil (Depths:2)
  4 trolls
  2 hellwings (Depths:3)
  2 meliai (D:15)
  A death drake zombie (Crypt:1)
  A wind drake (shapeshifter) (Elf:1)
  8 tyrant leeches
  13 hornets
  A death drake skeleton (Crypt:2)
  A great orb of eyes zombie (Crypt:2)
  An ettin zombie (Depths:1)
  35 saltlings
  22 blink frogs
  A dream sheep (shapeshifter) (Depths:3)
  12 large abominations
  20 small abominations
  A jumping spider (shapeshifter) (Lair:5)
  8 spriggans
  23 flying skulls
  62 slime creatures
  3 air elementals
  3 ynoxinuls
  A shadow (D:12)
  An ettin skeleton (Crypt:3)
  2 ushabtiu (Crypt:3)
  2 vampires
  8 wraiths
  4 fire bats
  18 fire elementals
  5 hogs
  3 steam dragons
  7 wyverns
  46 yaks
  Eustachio (D:6)
  14 basilisks
  4 redbacks
  10 chaos spawn
  4 vampire mosquitoes
  A redback (shapeshifter) (D:14)
  3 wargs (Orc:1)
  A wind drake skeleton (Crypt:2)
  A spriggan simulacrum (Depths:1)
  40 nagas
  7 acid dragons
  A two-headed ogre zombie (Crypt:1)
  26 water moccasins
  12 swamp worms
  43 orc warriors
  2 glowing shapeshifter skeletons
  A naga skeleton (Crypt:3)
  7 swamp drakes (Swamp:4)
  A floating eye (Depths:3)
  2 sky beasts (D:7)
  2 ice beasts
  A black bear (shapeshifter) (D:14)
  28 wolves
  A deep troll simulacrum (Vaults:4)
  7 black bears
  12 centaurs
  7 ogres
  A phantom (D:6)
  A kobold brigand (D:8)
  18 bullfrogs
  A scorpion (D:5)
  3 human skeletons
  A necrophage (Crypt:3)
  5 gnoll sergeants
  An earth elemental (Elf:2)
  A salamander skeleton (Crypt:2)
  8 wights
  21 killer bees
  The ghost of Azoth the Firebug, a weakling DrFE (D:3)
  4 electric eels
  2 howler monkeys
  2 vampire bats (D:11)
  9 lava snakes
  A hound (D:5)
  A wolf skeleton (Crypt:3)
  A gnoll bouda (D:9)
  A bullfrog skeleton (Crypt:2)
  A human zombie (D:5)
  27 orc priests
  Terence (D:3)
  3 iguanas
  Natasha (thrice) (D:2)
  13 orc wizards
  2 sleepcaps
  A scorpion simulacrum (D:3)
  19 gnolls
  6 adders
  A steam dragon zombie (Crypt:1)
  A swamp drake zombie (Crypt:1)
  6 white imps
  2 howler monkey simulacra
  3 ufetubi
  A worm zombie (D:5)
  An adder zombie (Ossuary)
  An iguana skeleton (Crypt:1)
  A dart slug (D:2)
  3 adder simulacra (D:3)
  78 orcs
  2 bat skeletons (D:11)
  4 bat zombies (D:11)
  5 endoplasms
  A giant cockroach (D:2)
  A hobgoblin (D:1)
  5 quokkas
  6 ball pythons
  3 ball python skeletons (Ossuary)
  6 bats
  2 frilled lizards (D:2)
  7 goblins
  A hobgoblin skeleton (Ossuary)
  A hobgoblin zombie (Ossuary)
  15 kobolds
  A kobold zombie (Ossuary)
  An orc skeleton (Ossuary)
  An orc zombie (Ossuary)
  A quokka simulacrum (D:3)
  4 rats
2409 creatures vanquished.

Vanquished Creatures (collateral kills)
  Jorgrun (Snake:3)
  Gastronok (Lair:1)
  A deep elf sorcerer (Elf:3)
  An imperial myrmidon (Desolation)
  A draconian shifter (Zot:3)
  A deep elf demonologist (Elf:3)
  A deep elf annihilator (Elf:3)
  A crystal guardian (Desolation)
  Snorg (D:10)
  A hydra (Lair:3)
  Harold (Lair:2)
  A peacekeeper (Desolation)
  2 servants of whispers (Desolation)
  A naga sharpshooter (Snake:3)
  A sea snake (Snake:3)
  4 guardian serpents (Desolation)
  9 saltlings (Desolation)
29 creatures vanquished.

Vanquished Creatures (others)
  A lich (Depths:3)
  A fire giant (Depths:3)
  A moth of wrath (Zot:3)
  A naga mage (Snake:2)
  A vampire mosquito (D:11)
  6 foxfires
11 creatures vanquished.

Grand Total: 2449 creatures vanquished

Notes
Turn   | Place    | Note
-------+----------+-------------------------------------------
     0 | D:1      | Hi5aMiFi the Minotaur Fighter began the quest for the Orb.
     0 | D:1      | Reached XP level 1. HP: 19/19 MP: 0/0
   266 | D:1      | Reached XP level 2. HP: 27/27 MP: 1/1
  1080 | D:2      | Reached XP level 3. HP: 34/34 MP: 2/2
  1376 | D:2      | Found a faded altar of an unknown god.
  1490 | D:3      | Noticed Natasha
  1587 | D:3      | Found a runed translucent gate.
  1587 | D:3      | Found a runed translucent gate.
  1588 | D:3      | Found a runed translucent gate.
  1608 | D:3      | HP: 1/34 [adder (3)]
  1775 | D:3      | Noticed Azoth's ghost (weakling DrFE)
  1780 | D:3      | Identified the +1 dagger of Peace {drain, rCorr}
  1799 | D:3      | Found a blossoming altar of Fedhas.
  2122 | D:3      | Found a glowing golden altar of the Shining One.
  2135 | D:3      | Noticed Terence
  2146 | D:3      | Killed Terence
  2147 | D:3      | Reached skill level 5 in Fighting
  2147 | D:3      | Reached skill level 5 in Armour
  2147 | D:3      | Reached XP level 4. HP: 32/42 MP: 3/3
  2340 | D:3      | Became a worshipper of the Shining One
  2415 | D:4      | Noticed a black bear
  2415 | D:4      | Found a staircase to the Ecumenical Temple.
  2591 | D:4      | Reached XP level 5. HP: 45/48 MP: 4/4
  2620 | D:4      | Found Ogysch's Weapon Boutique.
  2785 | D:4      | Found Telusch's Antique Weapon Shoppe.
  2805 | D:5      | Entered Level 5 of the Dungeon
  2946 | D:5      | Noticed an ogre
  3069 | D:5      | Found Zin's Purification Station.
  3071 | D:5      | Found a glowing silver altar of Zin.
  3109 | D:5      | Reached XP level 6. HP: 56/56 MP: 5/5
  3304 | D:5      | Found a sand-covered staircase.
  3318 | Ossuary  | Entered an ossuary
  3391 | Ossuary  | Reached skill level 1 in Throwing
  3418 | Ossuary  | Reached * piety under the Shining One
  3465 | Ossuary  | Noticed a flying skull
  3465 | Ossuary  | Noticed a wraith
  3474 | Ossuary  | Noticed a flying skull
  3475 | Ossuary  | Noticed a flying skull
  3500 | Ossuary  | Noticed a flying skull
  3519 | Ossuary  | Noticed a flying skull
  3543 | Ossuary  | Reached ** piety under the Shining One
  3899 | D:5      | Reached XP level 7. HP: 61/61 MP: 6/6
  3961 | D:5      | Reached skill level 1 in Invocations
  4135 | D:2      | Killed Natasha
  4209 | D:2      | Noticed Natasha
  4216 | D:2      | Killed Natasha
  4419 | D:2      | Noticed Natasha
  4428 | D:2      | Killed Natasha
  4555 | D:4      | Found Eschec's Book Boutique.
  4835 | D:6      | Noticed Pikel
  4848 | D:6      | Killed Pikel
  4849 | D:6      | Reached skill level 1 in Evocations
  4849 | D:6      | Reached XP level 8. HP: 71/71 MP: 8/10
  4982 | D:6      | Noticed Eustachio
  5022 | D:6      | Killed Eustachio
  5378 | D:4      | Identified the +2 robe "Rauluff" {rElec rN+ Int-3 SInv}
  5433 | Temple   | Entered the Ecumenical Temple
  5553 | D:4      | Reached skill level 5 in Invocations
  5606 | D:4      | Found Uzoigol's Armour Shop.
  5609 | D:4      | Found Wuyforre's Distillery.
  5620 | D:4      | Bought 2 potions of heal wounds for 120 gold pieces
  5626 | D:4      | Bought a +0 cloak for 58 gold pieces
  6084 | D:7      | Noticed an ice statue
  6156 | D:7      | Reached skill level 10 in Armour
  6160 | D:7      | Reached XP level 9. HP: 78/79 MP: 12/12
  6450 | D:7      | Found a hide-covered altar of Uskayaw.
  6483 | D:7      | Found a transporter.
  6578 | D:7      | Noticed a gargoyle
  6617 | D:7      | Noticed Ekaitz's ghost (novice TeAE)
  6617 | D:7      | Reached *** piety under the Shining One
  6698 | D:7      | Found a transporter.
  6796 | D:8      | Reached skill level 5 in Polearms
  7098 | D:8      | Reached skill level 1 in Axes
  7268 | D:8      | Reached XP level 10. HP: 76/90 MP: 10/14
  7513 | D:8      | Found a bloodstained altar of Trog.
  7521 | D:8      | Identified the +1 sling of the Pyrrhic Victory {freeze,
                  | rN+}
  7912 | D:8      | Found a burning altar of Makhleb.
  8581 | D:9      | Found a staircase to the Orcish Mines.
  8725 | D:9      | Found a staircase to the Lair.
  8993 | D:9      | Found a white marble altar of Elyvilon.
  9127 | D:10     | Entered Level 10 of the Dungeon
  9180 | D:10     | Noticed Psyche
  9184 | D:10     | Killed Psyche
  9676 | D:10     | Reached skill level 5 in Axes
  9749 | D:10     | Noticed Snorg
  9766 | D:10     | Killed Snorg
  9810 | D:10     | Found an iron altar of Okawaru.
 10030 | D:10     | Noticed a wizard
 10045 | D:10     | Killed a wizard
 10046 | D:10     | Reached XP level 11. HP: 95/97 MP: 17/17
 10237 | Lair:1   | Entered Level 1 of the Lair of Beasts
 10360 | Lair:1   | Identified the +0 ring mail of Lifelessness {rC+}
 10478 | Lair:1   | Found a dark tunnel.
 10501 | Lair:1   | Reached skill level 10 in Invocations
 10537 | Volcano  | Entered a volcano
 10617 | Volcano  | Reached skill level 10 in Fighting
 11379 | Lair:1   | Noticed Gastronok
 11527 | Lair:2   | Reached **** piety under the Shining One
 11629 | Lair:2   | Noticed a lindwurm
 11649 | Lair:2   | Killed a lindwurm
 11718 | Lair:2   | Got the Volume of Direction
 11735 | Lair:2   | Noticed Harold
 11808 | Lair:2   | Reached XP level 12. HP: 97/106 MP: 17/19
 11863 | Lair:2   | Reached skill level 10 in Axes
 12074 | Lair:2   | Noticed a five-headed hydra
 12168 | Lair:2   | Reached skill level 5 in Throwing
 12357 | Lair:2   | Noticed Amaemon
 12378 | Lair:2   | Noticed Urug
 12538 | Lair:3   | Identified the +2 scale mail of Rotation {Int+2 Dex+2
                  | Slay+3 SInv}
 12577 | Lair:3   | Noticed a death yak
 12976 | Lair:3   | Killed a death yak
 13562 | Lair:3   | Noticed an eight-headed hydra
 13566 | Lair:3   | Killed an eight-headed hydra
 13873 | Lair:3   | Noticed a four-headed hydra
 13882 | Lair:3   | Killed a four-headed hydra
 13883 | Lair:3   | Reached skill level 5 in Shields
 13890 | Lair:3   | Reached XP level 13. HP: 116/116 MP: 21/21
 14069 | Lair:3   | Found a staircase to the Swamp.
 14848 | Lair:4   | Reached skill level 10 in Shields
 15083 | Lair:4   | Found a runed translucent door.
 15088 | Lair:4   | Found a viscous altar of Jiyva.
 15088 | Lair:4   | Found a staircase to the Slime Pits.
 15088 | Lair:4   | Noticed an azure jelly
 15088 | Lair:4   | Noticed an azure jelly
 15089 | Lair:4   | You fall into a shaft and drop 1 floor!
 15089 | Lair:5   | Entered Level 5 of the Lair of Beasts
 15089 | Lair:5   | Found a one-way gate to the infinite horrors of the Abyss.
 15089 | Lair:5   | Found a corrupted altar of Lugonu.
 16301 | Lair:5   | Found a runed translucent door.
 16302 | Lair:5   | Noticed Panli's ghost (journeyman CeHs)
 17115 | Lair:5   | Killed Panli's ghost
 17240 | Lair:2   | Killed Amaemon
 17250 | Lair:2   | Reached XP level 14. HP: 129/129 MP: 22/22
 18092 | D:3      | Killed Azoth's ghost
 18131 | D:3      | Reached ***** piety under the Shining One
 18198 | D:4      | Bought the +8 broad axe of Wu Jian, Breathing {elec, rCorr
                  | Str-4 Int+2 SInv} for 751 gold pieces
 18484 | Lair:2   | Killed Urug
 19032 | Lair:2   | Killed Harold
 19068 | Lair:2   | Found a staircase to the Snake Pit.
 20024 | Lair:5   | Identified the +3 morningstar of Blood-Lust {heavy, rElec
                  | Str+3}
 20374 | Lair:1   | Killed Gastronok
 20786 | D:7      | Killed Ekaitz's ghost
 21073 | D:11     | Found a transporter.
 21079 | D:11     | Noticed Dillybarz's ghost (journeyman MiFi)
 21259 | D:4      | Bought a potion of curing for 36 gold pieces
 21259 | D:4      | Bought a potion of might for 48 gold pieces
 21663 | D:11     | Found a transporter.
 21998 | D:11     | Reached ****** piety under the Shining One
 22009 | D:11     | Found an ancient bone altar of Kikubaaqudgha.
 22494 | D:12     | Reached skill level 15 in Axes
 23489 | D:13     | Noticed Maurice
 23500 | D:13     | Killed Maurice
 23644 | D:13     | Reached XP level 15. HP: 138/138 MP: 24/24
 24400 | D:14     | Identified the +10 dagger "Xaukhluu" {venom, Int+3}
 24744 | D:14     | Found a gate to the Vaults.
 25561 | Orc:1    | Entered Level 1 of the Orcish Mines
 25608 | Orc:1    | You fall into a shaft and drop 1 floor!
 25608 | Orc:2    | Entered Level 2 of the Orcish Mines
 25770 | Orc:2    | Found Boriterch's Vocational Training.
 26926 | Orc:2    | Found a runed translucent door.
 26926 | Orc:2    | Noticed RumbleBuddy's ghost (journeyman MiFi)
 26986 | Orc:2    | Found a staircase to the Elven Halls.
 27416 | Orc:2    | Found Qahiebaq's General Store.
 27443 | Orc:2    | Found Zaidaves's Magic Scroll Shoppe.
 27516 | Orc:2    | Bought a throwing net for 33 gold pieces
 27516 | Orc:2    | Bought a scroll of blinking for 82 gold pieces
 27520 | Orc:2    | Bought a scroll of butterflies for 52 gold pieces
 28090 | Orc:2    | Reached skill level 15 in Fighting
 28133 | Orc:2    | Found Gairhez's Jewellery Boutique.
 28133 | Orc:2    | Found a one-way gate leading to the halls of Pandemonium.
 28133 | Orc:2    | Found Iwoniph's Antique Armour Shop.
 28210 | Orc:2    | Killed RumbleBuddy's ghost
 28255 | Orc:2    | Bought a manual of Invocations for 1200 gold pieces
 28331 | Orc:2    | Bought a ring of poison resistance for 240 gold pieces
 28546 | Snake:1  | Entered Level 1 of the Snake Pit
 28706 | Snake:1  | Reached skill level 15 in Armour
 28920 | Snake:1  | Reached XP level 16. HP: 86/149 MP: 17/25
 29613 | Snake:1  | Found Ojisui's Book Emporium.
 30048 | Snake:2  | Found the macabre finger necklace {Finger+ rN+}
 30544 | Snake:3  | Reached skill level 15 in Invocations
 31122 | Snake:3  | Noticed Jorgrun
 31129 | Snake:3  | Killed Jorgrun
 31159 | Snake:3  | Identified a scroll of acquirement
 31180 | Snake:3  | Acquired a +1 broad axe of venom
 31783 | Snake:4  | Entered Level 4 of the Snake Pit
 31805 | Snake:4  | Found Gayq's Magic Scroll Shop.
 31961 | Snake:4  | Identified the +3 tower shield "Mess" {rN+ Int-3 Slay+3}
 32549 | Snake:4  | Found Xuhoacoxu's Antique Armour Boutique.
 32599 | Snake:4  | Found Zefucoiz's Self-Improvement Boutique.
 32853 | Snake:4  | Reached XP level 17. HP: 156/156 MP: 28/28
 33033 | Snake:4  | Reached skill level 15 in Shields
 33208 | Snake:4  | Noticed Vashnia
 33317 | Snake:4  | Killed Vashnia
 33997 | Snake:4  | Got a serpentine rune of Zot
 34378 | Swamp:1  | Entered Level 1 of the Swamp
 35606 | Swamp:2  | Identified the +6 scale mail of the Hidden Mouths {Harm
                  | Dex-2 Slay+4 SInv}
 36111 | Swamp:3  | Noticed a tentacled monstrosity
 36125 | Swamp:3  | Killed a tentacled monstrosity
 36483 | Orc:2    | Bought a masterwork plate armour for 784 gold pieces
 36483 | Orc:2    | Identified the +0 plate armour of Kleptomania {Contam Harm
                  | rN+} (You bought it in a shop on level 2 of the Orcish
                  | Mines)
 37140 | Swamp:4  | Entered Level 4 of the Swamp
 37149 | Swamp:4  | Noticed Kirke
 37167 | Swamp:3  | Killed Kirke
 37349 | Swamp:4  | Reached XP level 18. HP: 165/168 MP: 30/30
 38146 | Swamp:4  | Noticed the 27-headed Lernaean hydra
 38370 | Swamp:4  | Killed the 27-headed Lernaean hydra
 38593 | Swamp:4  | Got a decaying rune of Zot
 38837 | Snake:4  | Bought a scroll of enchant armour for 135 gold pieces
 38837 | Snake:4  | Bought a scroll of enchant armour for 135 gold pieces
 39221 | D:11     | Identified a +4 broad axe of holy wrath (a +2 broad axe of
                  | electrocution blessed by the Shining One)
 39221 | D:11     | Received a gift from the Shining One
 39377 | Orc:2    | Bought a scroll of enchant weapon for 97 gold pieces
 39975 | D:11     | Killed Dillybarz's ghost
 39996 | D:11     | Acquired the ring "Not Umuu" {Will+ MP+9 Str+7}
 40137 | Vaults:1 | Entered Level 1 of the Vaults
 40326 | Vaults:1 | Found a crumbling gateway.
 40347 | Desolati | Entered the Desolation of Salt
 40436 | Desolati | Found the +5 scythe "Finisher" {speed, execute}
 40479 | Desolati | Identified the +5 glaive of Dung {antimagic, Will+ Dex+3
                  | SInv}
 40488 | Desolati | Identified the ring "Ykop" {*Slow rC+ rN++ AC+4 Int+2}
 40492 | Desolati | Got the Notes on Beguiling Injury
 40554 | Desolati | Identified the +6 battleaxe of the Coward {freeze, rElec
                  | Int+3}
 40614 | Desolati | Identified the ring of the Sun {rElec rF+ Int+3}
 40805 | Desolati | Got the Almanac of the Tesseract and Accompaniment
 40812 | Desolati | Identified the ring "Luts" {Wiz rCorr Stlth+}
 40823 | Desolati | Identified the +3 leather armour of the Trees {Int+2 Dex+3
                  | Slay-6}
 41472 | Vaults:1 | Found Baled's Weapon Shop.
 41747 | Vaults:1 | Reached XP level 19. HP: 175/180 MP: 31/31
 44275 | Vaults:3 | Reached skill level 10 in Throwing
 44959 | Vaults:3 | Identified the +0 scale mail "Niwon" {rC+ Str+3 Dex+2 SInv}
 45547 | Vaults:3 | Found a staircase to the Crypt.
 45784 | Vaults:4 | Reached XP level 20. HP: 191/193 MP: 32/32
 46114 | Vaults:4 | Found Soxkicaz's Antique Weapon Boutique.
 46451 | Vaults:4 | Identified the +10 scale mail of the Ecumenical Temple {rC+
                  | Will- rCorr}
 46628 | Vaults:4 | Found Qefokk's Magic Scroll Boutique.
 47202 | Vaults:4 | Found Ucalycug's Weapon Shop.
 47203 | Vaults:4 | Found Buciepp's Assorted Antiques.
 47545 | Crypt:1  | Entered Level 1 of the Crypt
 48692 | Crypt:2  | Identified the amulet of Incredulity {Spirit Rampage rC+}
 49076 | Crypt:2  | Noticed a dread lich
 49084 | Crypt:2  | Killed a dread lich
 49092 | Crypt:2  | Identified the amulet "Cirral" {Spirit Will+ Str+3 Dex-2
                  | Slay+3}
 49097 | Crypt:2  | Identified the +0 leather armour of the Heavens {Int+3}
 49496 | Crypt:2  | Reached XP level 21. HP: 170/203 MP: 33/33
 50197 | Elf:1    | Entered Level 1 of the Elven Halls
 50370 | Elf:1    | Paralysed by an air elemental for 1 turns
 50647 | Orc:2    | Bought a manual of Evocations for 1200 gold pieces
 50996 | Elf:1    | Found Oxkifem's Antique Weapon Shoppe.
 51106 | Elf:2    | Paralysed by an air elemental for 1 turns
 51110 | Elf:2    | Paralysed by an air elemental for 1 turns
 51393 | Elf:2    | Reached skill level 5 in Evocations
 51537 | Elf:2    | Found a runed translucent gate.
 51537 | Elf:2    | Found a runed translucent gate.
 51537 | Elf:2    | Found a runed translucent gate.
 52307 | Elf:3    | Entered Level 3 of the Elven Halls
 52559 | Elf:3    | Found Plog's Assorted Antiques.
 52592 | Elf:3    | Found Igruh's General Store.
 52860 | Elf:3    | Identified the ring "Qoag Mou" {Ice Str+2}
 53167 | Elf:3    | Got the Exposition on Infection and the Serac
 53209 | Elf:3    | Found the sphere of Battle
 53211 | Elf:3    | Got Keosm's Compilation of Lightning and Movement
 53215 | Elf:3    | Identified the staff of air "Vosek" {rElec Dex+5}
 53238 | Elf:3    | Got the Quarto of Geology
 53730 | Crypt:3  | Entered Level 3 of the Crypt
 53851 | Crypt:3  | Reached XP level 22. HP: 214/214 MP: 34/34
 53871 | Crypt:3  | Reached skill level 10 in Evocations
 53971 | Crypt:3  | Reached skill level 15 in Throwing
 54343 | Crypt:3  | Found a staircase to the Tomb.
 54808 | Crypt:3  | Noticed a royal mummy
 54819 | Crypt:3  | Killed a royal mummy
 55018 | Crypt:3  | Found a basalt altar of Yredelemnul.
 55025 | Crypt:3  | Found an ancient bone altar of Kikubaaqudgha.
 55047 | Crypt:3  | Identified the staff of death "Cypt" {rN+ Dex+2}
 55080 | Crypt:3  | Found the +10 dark maul {heavy}
 55087 | Crypt:3  | Identified the ring "Wiumuf" {+Blink rElec rPois Int+4
                  | Dex+6}
 55088 | Crypt:3  | Identified the ring "Esoodghyle" {Fly Will++ EV+5 Int-2}
 55381 | D:15     | Entered Level 15 of the Dungeon
 55591 | D:15     | Found a staircase to the Depths.
 55732 | D:15     | Found a transporter.
 55736 | D:15     | Found a transporter.
 55984 | D:15     | Noticed Uwkoecio's ghost (journeyman HOFi)
 56003 | D:15     | Killed Uwkoecio's ghost
 56022 | D:15     | Got Sif Muna's Secrets of the Comitatus
 56026 | D:15     | Identified the +0 war axe "Asabolad" {freeze, rC- Dex+6}
 56027 | D:15     | Identified the +5 mace "Qutoiseh" {heavy, rC+ Int+4}
 56353 | Slime:1  | Entered Level 1 of the Pits of Slime
 56453 | Slime:5  | Entered Level 5 of the Pits of Slime
 56545 | Slime:5  | Noticed the Royal Jelly
 57070 | Slime:5  | Found a viscous altar of Jiyva.
 57152 | Slime:5  | Gained mutation: You have hidden genetic defects. [a
                  | shining eye]
 57156 | Slime:5  | Lost mutation: You have hidden genetic defects. [potion of
                  | mutation]
 57156 | Slime:5  | Gained mutation: You occasionally shout uncontrollably at
                  | your foes. [potion of mutation]
 57156 | Slime:5  | Gained mutation: You are agile. (Dex +4, Str/Int -1)
                  | [potion of mutation]
 57156 | Slime:5  | Gained mutation: You have supernaturally acute eyesight.
                  | (SInv) [potion of mutation]
 57156 | Slime:5  | Gained mutation: You are strong-willed. (Will+) [potion of
                  | mutation]
 57264 | Slime:5  | Killed the Royal Jelly
 57304 | Slime:5  | Got a slimy rune of Zot
 57402 | Slime:5  | Identified the +4 ring mail of Snakes and Ladders {Str+2}
 57403 | Slime:5  | Identified the +3 halberd of the Hierophant {heavy, Str+3}
 57979 | Depths:1 | Entered Level 1 of the Depths
 57979 | Depths:1 | Found a shadowy altar of Dithmenos.
 58161 | Depths:1 | Reached XP level 23. HP: 227/227 MP: 35/35
 58506 | Depths:1 | Found a gateway to Hell.
 58785 | Depths:1 | Noticed a juggernaut
 58795 | Depths:1 | Killed a juggernaut
 59157 | Depths:1 | Noticed a juggernaut
 59275 | Depths:1 | Noticed a juggernaut
 59292 | Depths:1 | Killed a juggernaut
 59636 | Snake:4  | Bought a manual of Armour for 1520 gold pieces
 60027 | Depths:1 | Noticed a juggernaut
 60044 | Depths:1 | Killed a juggernaut
 60074 | Depths:1 | Noticed a juggernaut
 60083 | Depths:1 | Killed a juggernaut
 60219 | Depths:1 | Killed a juggernaut
 60246 | Depths:1 | Identified the staff of poison "Sopafan" {rPois rCorr
                  | Str+3}
 60252 | Depths:1 | Identified the +0 pair of gloves of Amorality {Harm Regen+
                  | Dex-2 Stlth+}
 60729 | Depths:2 | Found a broken altar of Ashenzari.
 60926 | Depths:2 | Found a runed translucent gate.
 60926 | Depths:2 | Found a runed translucent gate.
 60926 | Depths:2 | Found a runed translucent gate.
 61172 | Depths:2 | Found The Oracle's Delphic Readings.
 61320 | Depths:2 | Found a runed translucent door.
 61320 | Depths:2 | Found a runed translucent door.
 61322 | Depths:2 | Found a runed translucent door.
 61630 | Depths:2 | Found a runed translucent door.
 61641 | Depths:2 | Noticed a caustic shrike
 61651 | Depths:2 | Killed a caustic shrike
 61679 | Depths:2 | Found the +6 arbalest "Damnation" {damnation}
 61686 | Depths:2 | Reached XP level 24. HP: 217/247 MP: 30/35
 61688 | Depths:2 | Got the Compilation of the Filthy Damned
 61695 | Depths:2 | Identified the +6 sling "Gias" {heavy, Stlth+}
 61699 | Depths:2 | Identified the +0 ring mail of Integrity {rN+}
 62018 | Depths:2 | Found a runed translucent gate.
 62018 | Depths:2 | Found a runed translucent gate.
 62025 | Depths:2 | Noticed Sulo Conyim's ghost (veteran GnDe)
 62027 | Depths:2 | Found a runed translucent gate.
 62306 | Depths:3 | Noticed a juggernaut
 62316 | Depths:3 | Killed a juggernaut
 62456 | Depths:3 | Reached skill level 27 in Fighting
 62495 | Depths:3 | Identified the +1 glaive of Fortitude {vamp, rC+ Str+2}
 62687 | Depths:3 | Found Gitutuc's Distillery.
 62689 | Depths:3 | Bought a potion of haste for 230 gold pieces
 62689 | Depths:3 | Bought a potion of might for 92 gold pieces
 62907 | Depths:3 | Found a transporter.
 62908 | Depths:3 | Noticed a dread lich
 62908 | Depths:3 | Noticed Susch's ghost (legendary MfGl)
 62913 | Depths:3 | Noticed an ancient lich
 62943 | Depths:3 | Found a transporter.
 63570 | Depths:3 | Reached XP level 25. HP: 242/257 MP: 31/35
 63617 | Depths:3 | Identified the +3 leather armour of Puagoipi {Contam rF-
                  | rCorr Dex+7}
 63758 | Depths:3 | Noticed a juggernaut
 63768 | Depths:3 | Killed a juggernaut
 63776 | Depths:3 | Reached skill level 27 in Armour
 63803 | Depths:3 | Identified the staff of conjuration "Keryulib" {rF++ SInv}
 64151 | D:4      | Bought 3 boomerangs for 72 gold pieces
 64547 | Vaults:4 | Bought a scroll of magic mapping for 75 gold pieces
 64880 | Orc:2    | Bought 2 scrolls of fog for 104 gold pieces
 64882 | Orc:2    | Bought 4 silver boomerangs for 264 gold pieces
 65130 | Depths:3 | Bought a potion of heal wounds for 115 gold pieces
 65150 | Depths:4 | Entered Level 4 of the Depths
 65176 | Depths:4 | Found a white marble altar of Elyvilon.
 65531 | Depths:4 | Found a one-way gateway to a ziggurat.
 66265 | Depths:4 | Acquired 669 gold pieces
 66600 | Depths:4 | Reached skill level 27 in Shields
 66659 | Depths:4 | Reached skill level 1 in Dodging
 66769 | Depths:4 | Found a gate to the Realm of Zot.
 66775 | Zot:1    | Entered Level 1 of the Realm of Zot
 67434 | Zot:1    | Reached skill level 5 in Dodging
 67589 | Zot:2    | Noticed an orb of fire
 67608 | Zot:1    | Killed an orb of fire
 68147 | Zot:2    | Found a runed translucent door.
 68149 | Zot:2    | Noticed Ziques's ghost (legendary FoFi)
 68164 | Zot:2    | Killed Ziques's ghost
 68281 | Zot:2    | You fall into a shaft and drop 2 floors!
 68366 | Zot:4    | Reached skill level 15 in Evocations
 68416 | Zot:4    | Identified the +5 whip of the Wary Runes {venom, Will-
                  | Str+6 Dex+4}
 68553 | Zot:4    | Reached XP level 26. HP: 250/266 MP: 34/35
 69150 | D:4      | Bought a potion of attraction for 36 gold pieces
 69150 | D:4      | Bought a potion of lignification for 36 gold pieces
 69150 | D:4      | Bought a potion of mutation for 96 gold pieces
 69334 | Orc:2    | Bought a potion of curing for 33 gold pieces
 69334 | Orc:2    | Bought a potion of curing for 33 gold pieces
 69334 | Orc:2    | Bought a potion of mutation for 88 gold pieces
 69477 | D:5      | Bought a potion of curing for 90 gold pieces
 69840 | Vaults:4 | Bought a scroll of fog for 184 gold pieces
 70237 | Elf:3    | Bought 2 potions of attraction for 240 gold pieces
 70537 | Depths:3 | Bought a potion of ambrosia for 184 gold pieces
 70537 | Depths:3 | Bought a potion of attraction for 69 gold pieces
 70537 | Depths:3 | Bought a potion of lignification for 69 gold pieces
 71171 | Zot:3    | Identified the +0 cloak "Geskuh" {-Cast Regen+ Str+7 Dex+3}
 71176 | Zot:3    | Found a transporter.
 71194 | Zot:3    | Identified the -2 cloak of Sugimoal {rCorr Str+3 Stlth-}
 71195 | Zot:3    | Found a bloodstained altar of Trog.
 71195 | Zot:3    | Noticed Fucvoucaso's ghost (legendary DDFi)
 71256 | Zot:3    | Found a transporter.
 71291 | Zot:3    | Identified the ring of Dishonesty {rCorr EV+5 Slay+3}
 71952 | Zot:3    | Acquired 674 gold pieces
 72553 | Zot:4    | Found a runed translucent door.
 72553 | Zot:4    | Noticed Cyqimiab's ghost (legendary MfGl)
 73442 | Zot:4    | Killed Cyqimiab's ghost
 74019 | Zot:5    | Entered Level 5 of the Realm of Zot
 74711 | Zot:5    | Noticed an ancient lich
 74733 | Zot:5    | Killed an ancient lich
 74796 | Zot:5    | Noticed a dread lich
 74816 | Zot:5    | Killed a dread lich
 74841 | Zot:5    | Noticed a dread lich
 74868 | Zot:5    | Killed a dread lich
 74930 | Zot:5    | Noticed an orb of fire
 74940 | Zot:5    | Noticed an ancient lich
 74943 | Zot:5    | Killed an ancient lich
 74944 | Zot:5    | Killed an orb of fire
 74945 | Zot:5    | Reached XP level 27. HP: 273/273 MP: 36/36
 74954 | Zot:5    | Noticed an orb of fire
 74962 | Zot:5    | Killed an orb of fire
 74969 | Zot:5    | Noticed an ancient lich
 74969 | Zot:5    | Noticed an ancient lich
 74971 | Zot:5    | Noticed an ancient lich
 74981 | Zot:5    | Killed an ancient lich
 74986 | Zot:5    | Noticed a dread lich
 74988 | Zot:5    | Killed an ancient lich
 74997 | Zot:5    | Killed an ancient lich
 74998 | Zot:5    | Killed a dread lich
 75570 | Zot:5    | Got the Orb of Zot
 76062 | D:$      | Escaped with the Orb!

Illustrated notes

Levels and vault maps discovered:
D:1:      zelgadis_glass_arrival_small, layout_loops_ring, minivault_11
D:2:      layout_rooms, shapermc_ecumenical_altar_notcrosses,
          minmay_pentomino_o2
D:3:      layout_rooms, mainiacjoe_overflow_24_doors, fedhas_altar_2,
          gammafunk_ghost_icy, uniq_terence, uniq_natasha
D:4:      layout_gridville, minmay_temple_entry_statues_pillars, serial_shops,
          shop, nicolae_shop_advertising_works [nicolae_subvault_shop_adworks],
          shop, nicolae_shop_tiny_real_fake_doors, shop, serial_glass,
          glass_columns_a, glass_columns_a, glass_columns_a, glass_columns_b,
          glass_columns_a, glass_columns_b, kennysheep_generic_room_10
D:5:      layout_gridville, zin_purify, enter_ossuary_3
D:6:      layout_cave_pools, uniq_pikel, uniq_eustachio
D:7:      layout_basic, nicolae_uskayaw_murder_on_the_dancefloor,
          nzn_ghost_randoct
D:8:      layout_cave_pools, trog_ov_bears_minmay, lightli_temple_of_fire
D:9:      layout_basic, kennysheep_mini, david_lair_shrubbed, david_orc_2,
          serial_ice, serial_ice_d, serial_ice_n, serial_ice_e, serial_ice_f
D:10:     layout_long_grid, lemuel_crystal_altar, laboratory, uniq_snorg,
          uniq_psyche
D:11:     layout_loops_ring, gammafunk_ghost_arena, kennysheep_vampire_church
D:12:     layout_gridville
D:13:     layout_layer_cave, uniq_maurice
D:14:     layout_roguey, skrybe_vaults_entry_preservation, eino_curves_04
D:15:     gammafunk_depths_entry_grave, layout_gridville, gammafunk_ghost_hive,
          minmay_misc_feat_doors
Temple:   jpeg_temple_clearing
Lair:1:   layout_gridlike, nicolae_volcano_entry_hallway, beast_lair_carwin_5,
          uniq_gastronok
Lair:2:   cheibrodos_lair_river_kwai, layout_chaotic_city,
          minmay_snake_entry_guardpost_small, grunt_megastairs_3,
          infiniplex_staircase_pool_2, serial_bayou_shore_b, uniq_urug,
          uniq_harold, uniq_amaemon
Lair:3:   layout_chaotic_city, palyth_hydra_swamp_entry, beast_lair_carwin_2,
          infiniplex_staircase_pool, grunt_megastairs_4
Lair:4:   layout_misc_corridors, slime_entry_2, nicolae_lair_liquid_snakes
Lair:5:   hellmonk_lair_end_abyssal_woods, layout_cave_pods,
          gammafunk_ghost_grave, wad_woods_road_05, grunt_megastairs_1
Swamp:1:  layout_basic_swamp, hangedman_swamp_ruin_wall,
          nicolae_swamp_frolicking_bunyips
Swamp:2:  layout_falls_marsh, evilmike_swamp_ruin_house_2
Swamp:3:  layout_basic_swamp, serial_swamp_ruin, evilmike_swamp_ruin_rubble_1,
          evilmike_swamp_ruin_house_3, evilmike_swamp_ruin_rubble_2
Swamp:4:  grunt_swamp_rune_castle, layout_basic_swamp, swamp_pool3, uniq_kirke
Snake:1:  layout_cave_pods, serial_shops, nicolae_shop_behind_doors,
          grunt_ministairs_2, grunt_megastairs_5
Snake:2:  layout_rooms
Snake:3:  layout_grid_shapes, minmay_snake_pond, uniq_jorgrun
Snake:4:  grunt_snake_rune_serpentine_throne, layout_gridlike, serial_shops,
          nicolae_shop_crystal, nicolae_shop_self_help, minmay_shop_star,
          uniq_vashnia
Slime:1:  layout_caves
Slime:2:  layout_caves, nicolae_slime_welcoming_committee
Slime:3:  layout_caves
Slime:4:  layout_caves
Slime:5
Orc:1:    layout_caves, bh_open_orc_temple
Orc:2:    pf_orc_diabolical, layout_diamond_mine, gammafunk_ghost_grave,
          roderic_batcave, nicolae_shop_vocational
Elf:1:    eino_elf_arrival_the_gate, layout_rooms, serial_shops, shop,
          kennysheep_underground_church
Elf:2:    nicolae_elf_blades_splatter_lattice [mumra_blade_entry_dagger],
          layout_geoelf_grid, grunt_megastairs_2
Elf:3:    minmay_elf_hall_quartered_circle, layout_gridlike, minmay_shoptagon
Vaults:1: portal_desolation_entry_nicolae_nacl, v_pattern_1,
          nicolae_vaults_little_squares_1, nicolae_vaults_heart-shaped_vault,
          nicolae_vaults_storage_closets_1, nicolae_vaults_sesquioval_fish,
          hangedman_vaults_trim, v_misc_25, nicolae_vaults_little_squares_1,
          nicolae_vaults_inception_corners, nicolae_vaults_trapezoid_3,
          nicolae_vaults_oval_intersection,
          nicolae_vaults_offset_grid_hallway_1,
          ontoclasm_vaults_decontamination, nicolae_vaults_theta,
          layout_vaults_omnibox, serial_shops, nicolae_shop_bloodbath_and_beyond
Vaults:2: v_alt_pattern_2, nicolae_vaults_house_1,
          nicolae_vaults_security_offices_6, nicolae_vaults_heart-shaped_vault,
          v_misc_13, nicolae_vaults_little_ls, v_misc_1, layout_vaults_quadrants
Vaults:3: nicolae_vaults_diamond_2, nicolae_vaults_closet_pinwheel_4,
          special_room_vaults [special_room_orc],
          nicolae_vaults_closet_pinwheel_2,
          nicolae_vaults_windows_and_doors_thing,
          nicolae_vaults_little_squares_2, minmay_crypt_entry_simple_corners,
          nicolae_vaults_two_Ls, nicolae_vaults_border_crossing, v_misc_3,
          vaults_mumra_hexcomb, nicolae_vaults_big_angled_halls,
          nicolae_vaults_double_plus_1, layout_vaults_omnicross
Vaults:4: v_misc_33, v_misc_17, nicolae_vaults_weapon_check,
          ontoclasm_vaults_loading_screen, hangedman_vaults_trim,
          nicolae_vaults_little_squares_1, nicolae_vaults_storage_closets_3,
          nicolae_vaults_tetromino_T_1, v_misc_25, v_misc_29,
          nicolae_vaults_closet_pinwheel_5, ontoclasm_vaults_gateway,
          nicolae_vaults_house_3, layout_vaults_ring, serial_shops, shop, shop,
          shop, shop
Crypt:1:  layout_gridlike, grunt_crypt_arrival_webbed
Crypt:2:  layout_catacombs, st_shrine_of_skulls
Crypt:3:  lightli_unholy_cathedral, layout_chaotic_city, st_small_mortuary
Depths:1: lemuel_castle_with_subvaults [lemuel_castle_interior_carwin_3],
          layout_basic, pf_vacation_house_of_asmodeus, grunt_decor_one_mirror,
          minmay_room_of_horrors, grunt_dithmenos_smoke
Depths:2: minmay_the_grid_triangle_9x9_rhombus_full
          [minmay_the_grid_triangle_9x9_dagger,
          minmay_the_grid_triangle_9x9_alien,
          minmay_the_grid_triangle_9x9_fully_insulated_deathbox,
          minmay_the_grid_triangle_9x9_zippers_horizontal,
          minmay_the_grid_triangle_9x9_sprig,
          minmay_the_grid_triangle_9x9_subtriangle,
          minmay_the_grid_triangle_9x9_warning,
          minmay_the_grid_triangle_9x9_prize_schism], layout_honeycomb,
          ploomutoo_gammafunk_ghost_potion_laboratory,
          abyss_entry_small_statue_room, grunt_mini_vestibule,
          cheibrodos_ashenzari_chains, rand_demon_pan_entry_5,
          nicolae_nh_oracle_at_delphi
Depths:3: minmay_octagon_city, layout_long_grid, abyss_entry,
          pf_hell_entry_tar_river, gammafunk_ghost_mausoleum, serial_shops,
          nicolae_shop_tiny_real_fake_doors, grunt_pan_entry_zigzag,
          firewood_loft, infiniplex_staircase_9_rooms
Depths:4: evilmike_zot_entry_gauntlet, layout_cave_shapes, enter_ziggurat_b,
          grunt_hell_entry_dis_old, pan_entry, elyvilon_altar_1,
          abyss_entry_glasseish
Zot:1:    layout_gridville
Zot:2:    layout_misc_corridors, ebering_ghost_reflecting_pool,
          hangedman_elemental_corridor
Zot:3:    layout_gridlike, gammafunk_ghost_wrathful_warriors
Zot:4:    lemuel_firehouse, layout_cathedral_of_symmetry,
          ebering_ghost_inner_flame, zot_minivault_5
Zot:5:    layout_misc_corridors, grunt_ministairs_12

Skill      XL: |  1  2  3  4  5  6  7  8  9 10 11 12 13 14 15 16 17 18 19 20 21 22 23 24 25 26 27 |
---------------+----------------------------------------------------------------------------------+-----
Fighting       | 4 5 6 7 8 9 10 11 13 14 15 16 18 20 21 23 26 27 | 27.0
Armour         | 4 5 6 7 8 10 11 12 13 15 16 17 18 19 20 23 26 27 | 27.0
Polearms       | 3 4 5 |  5.0
Throwing       | 1 2 4 6 7 9 10 12 14 16 20 | 20.0
Invocations    | 4 5 7 9 11 12 13 16 18 19 21 22 | 22.0
Evocations     | 1 2 9 12 15 | 15.0
Axes           | 2 6 9 11 13 15 16 17 19 | 19.7
Shields        | 5 11 12 13 14 16 17 19 21 22 23 24 25 27 | 27.0
Dodging        | 5 |  5.0

Action                     |  1- 3 |  4- 6 |  7- 9 | 10-12 | 13-15 | 16-18 | 19-21 | 22-24 | 25-27 || total
---------------------------+-------+-------+-------+-------+-------+-------+-------+-------+-------++-------
  Melee: Trident           |   113 |    79 |   228 |   761 |   685 |    53 |       |       |       ||  1919
         Headbutt          |    11 |    20 |    43 |   200 |   428 |   334 |   380 |   474 |   350 ||  2240
         Broad axe         |       |       |       |       |   849 |   978 |  1171 |  1253 |   912 ||  5163
         Morningstar       |       |       |       |       |       |     7 |       |       |       ||     7
  Throw: Stone             |     6 |     2 |     8 |       |       |       |       |       |       ||    16
         Boomerang         |     3 |     4 |    16 |    49 |    83 |   107 |    27 |    28 |   104 ||   421
         Dart              |       |     3 |    34 |    59 |   112 |       |       |       |       ||   208
         Javelin           |       |       |     3 |    10 |     3 |     7 |     5 |    14 |    45 ||    87
         Throwing net      |       |       |       |       |       |       |       |     1 |       ||     1
 Invoke: Divine Shield     |       |       |     3 |     9 |    10 |    10 |     3 |    11 |     6 ||    52
         Cleansing Flame   |       |       |       |     4 |     2 |     6 |     1 |       |     1 ||    14
         Summon Divine War |       |       |       |       |     1 |     3 |     1 |       |     1 ||     6
         Brand Weapon With |       |       |       |       |       |     1 |       |       |       ||     1
  Evoke: Wand              |       |    12 |     3 |    10 |    14 |    10 |     1 |       |    15 ||    65
         Phantom mirror    |       |       |       |     3 |     1 |     1 |       |       |     1 ||     6
         Phial of floods   |       |       |       |       |       |     1 |     2 |       |       ||     3
         Condenser vane    |       |       |       |       |       |       |     1 |       |     1 ||     2
    Use: Scroll            |     9 |     5 |     9 |    13 |    10 |    16 |     5 |     6 |    15 ||    88
         Potion            |     7 |       |     2 |     5 |     2 |     7 |     2 |     7 |    16 ||    48
 Armour: Scale mail        |    29 |    19 |       |       |       |       |       |       |       ||    48
         Skin              |    13 |       |       |     1 |       |       |       |    13 |     6 ||    33
         Chain mail        |       |     1 |    36 |       |       |       |       |       |       ||    37
         Plate armour      |       |       |    99 |   402 |   604 |       |       |       |       ||  1105
         Crystal plate arm |       |       |       |       |    19 |   429 |   245 |   385 |   249 ||  1327
  Dodge: Dodged            |    43 |    21 |    64 |   185 |   206 |    93 |    87 |   109 |   112 ||   920
  Block: Buckler           |    23 |    14 |    49 |   228 |    18 |       |       |       |       ||   332
         Kite shield       |       |       |       |       |   660 |   228 |       |       |       ||   888
         Reflection        |       |       |       |       |     3 |   109 |    91 |     1 |       ||   204
         Tower shield      |       |       |       |       |       |   848 |   965 |  1187 |   736 ||  3736
